 Dungeon Crawl Stone Soup version 0.28.0-43-g3370ac3207 (webtiles) character file.

Game seed: 15506203998580745528

3 Descartes the Grasshopper (level 1, 0/9 HPs)
             Began as a Felid Warper on Mar 22, 2022.
             Slain by a kobold
             ... wielding a +0 short sword
              (4 damage)
             ... on level 1 of the Dungeon.
             The game lasted 00:00:19 (220 turns).

Descartes the Grasshopper (Felid Warper)             Turns: 220, Time: 00:00:20

Health: 0/9        AC:  1    Str:  7    XL:     1   Next: 41%
Magic:  4/4        EV: 17    Int: 14    God:
Gold:   22         SH:  0    Dex: 15    Spells: 4/4 levels left
                                        Lives:  0   Deaths: 0

rFire   . . .      SeeInvis +     - Unarmed
rCold   . . .      Faith    .   (shield unavailable)
rNeg    . . .      Spirit   .   (armour unavailable)
rPois   .          Reflect  .   (helmet unavailable)
rElec   .          Harm     .   (cloak unavailable)
rCorr   .          Rampage  .   (gloves unavailable)
Will    .....                   (boots unavailable)
Stlth   ++........              (no amulet)
HPRegen 0.03/turn               (no ring)
MPRegen 0.09/turn               (no ring)

@: quick
A: very small, claws 1, fangs 3, see invisible, speed 1, shaggy fur 1, stealthy
paws, no weapons or thrown items, no armour, multi-lived
a: no special abilities


You were on level 1 of the Dungeon.
You visited 1 branch of the dungeon, and saw 1 of its levels.

You collected 22 gold pieces.

Inventory:

Scrolls
 a - a scroll of blinking
 b - a scroll of teleportation {unknown}
Potions
 c - a potion of brilliance {unknown}


   Skills:
 - Level 2.0 Fighting
 * Level 3.3 Dodging
 * Level 0.4 Stealth
 * Level 2.1 Unarmed Combat
 - Level 2.0 Spellcasting
 + Level 4.4 Translocations
 + Level 0.1 Transmutations


You had 4 spell levels left.
You didn't know any spells.
Your spell library contained the following spells:

 Spells                   Type           Power      Damage    Failure   Level
 Blink                    Tloc           26%        N/A       6%          2
 Gell's Gravitas          Tloc           13%        N/A       12%         3
 Lesser Beckoning         Tloc           13%        N/A       12%         3
 Teleport Other           Tloc           13%        N/A       12%         3
 Manifold Assault         Tloc           13%        N/A       71%         5


Dungeon Overview and Level Annotations

Branches:
Dungeon (1/15)

Altars:


Innate Abilities, Weirdness & Mutations

You have sharp claws.
You have razor-sharp teeth.
You have supernaturally acute eyesight. (SInv)
You cover ground quickly. (Speed+)
You are covered in fur. (AC +1)
Your paws help you pounce on unaware monsters.
You are incapable of wielding weapons or throwing items.
You cannot wear armour.
You gain extra lives every three experience levels.


Message History

No target in view!
No target in view!
No target in view!
No target in view!
No target in view!
No target in view!
No target in view!
c - a fuming purple potion A rat comes into view.
A ball python comes into view.
The rat twitches its whiskers.
A kobold comes into view. It is wielding a +0 short sword.
The rat closely misses you.
You scratch the rat.
You kill the rat!
The ball python hisses angrily.
The kobold shouts!
You closely miss the kobold.
The kobold hits you with a +0 short sword.
You scratch the kobold but do no damage.
The kobold closely misses you.
You scratch the ball python but do no damage.
Your bite misses the ball python. The ball python closely misses you. x2
The kobold completely misses you. The ball python closely misses you. x2
You closely miss the ball python.
The kobold hits you with a +0 short sword.
The ball python barely misses you. The ball python misses you.
You are too injured to fight recklessly!
You are too injured to fight recklessly!
You are too injured to fight recklessly!
You are too injured to fight recklessly!
You are too injured to fight recklessly!
You are too injured to fight recklessly!
There are monsters nearby!
You scratch the ball python. You bite the ball python.
You kill the ball python!
The kobold closely misses you.
You closely miss the kobold.
The kobold hits you with a +0 short sword.
You die...

# ###..##
#.#.# #.>#
#......#
#..#
.##......
#..#
........
...# #.....
###.# #.....
#.##
#..########.
#
#..@K.......
#
##.########.
# ##.## #
##...##
.###.....##
..........#
..###......#
.. ##...#.#
#. ##.##.#
#.


You could see a kobold.

Vanquished Creatures
  A ball python (D:1)
  A quokka (D:1)
  A rat (D:1)
3 creatures vanquished.

Notes
Turn   | Place    | Note
-------+----------+-------------------------------------------
     0 | D:1      | Descartes the Felid Warper began the quest for the Orb.
     0 | D:1      | Reached XP level 1. HP: 9/9 MP: 4/4
   220 | D:1      | Slain by a kobold

Illustrated notes

Levels and vault maps discovered:
D:1:      nicolae_arrival_washed_ashore, layout_loops_ring, serial_forest,
          infiniplex_forest_straight_2, infiniplex_forest_straight_4,
          infiniplex_forest_zigzag_2, infiniplex_forest_zigzag_2,
          infiniplex_forest_zigzag_2, chequers_ecumenical_altar_simple

Action                   || total
-------------------------++-------
Melee: Unarmed           ||    10
       Bite              ||     1
Dodge: Dodged            ||    12
